 Dungeon Crawl Stone Soup version 0.30.0-29-ga12c61a403 (webtiles) character file.

Game seed: 9094547564283566945

17498 McKennaii the Destroyer (level 11, -6/74 HPs)
             Began as a Demigod Conjurer on June 5, 2023.
             Mangled by a centaur warrior (7 damage)
             ... on level 13 of the Dungeon.
             The game lasted 00:17:06 (17250 turns).

McKennaii the Destroyer (Demigod Conjurer)         Turns: 17250, Time: 00:17:07

Health: -6/74      AC: 10    Str: 11    XL:     11   Next: 92%
Magic:  4/31       EV: 17    Int: 32    God:
Gold:   857        SH:  0    Dex: 14    Spells: 27/34 levels left

rFire   + . .        E - staff of fire "Kohy" {+Blink rF+ Str+3 Dex+2 Stlth-}
rCold   . . .        (no shield)
rNeg    . . .        k - +1 steam dragon scales
rPois   .            (no helmet)
rElec   .            F - +1 cloak
rCorr   .            G - +0 pair of gloves
SInv    .            O - +0 pair of boots
Will    +....        C - amulet of the acrobat
Stlth   +            A - +5 ring of evasion
HPRegen 0.32/turn    B - ring of flight
MPRegen 0.22/turn

%: acrobat
@: about to teleport, flying
A: high MP 1, forlorn, divine attributes
a: Evoke Blink


You were on level 13 of the Dungeon.
You visited 1 branch of the dungeon, and saw 15 of its levels.

You collected 857 gold pieces.

Inventory:

Hand Weapons
 x - a +5 dagger of freezing
Missiles
 y - a throwing net
Armour
 k - +1 steam dragon scales (worn)
 F - a +1 cloak (worn)
 G - a +0 pair of gloves (worn)
 M - a +2 buckler
 O - a +0 pair of boots (worn)
 R - +0 ice dragon scales
Magical Staves
 E - the staff of fire "Kohy" (weapon) {+Blink rF+ Str+3 Dex+2 Stlth-}
   (You found it on level 6 of the Dungeon)

   [staff of fire]

   Base accuracy: +5 Base damage: 5 Base attack delay: 1.2 This weapon's minimum
   attack delay (0.6) is reached at skill level 12.
   Str:       It affects your strength (+3).
   Dex:       It affects your dexterity (+2).
   rF:        It protects you from fire.
   +Blink:    It lets you blink.
   Stlth:     It makes you less stealthy.
   It falls into the 'Staves' category.
   It is a one-handed weapon.
Jewellery
 l - a ring of ice
 A - a +5 ring of evasion (left hand)
 B - a ring of flight (right hand)
 C - an amulet of the acrobat (around neck)
 S - an amulet of reflection
Wands
 q - a wand of iceblast (11)
 t - a wand of digging (2)
 z - a wand of flame (28)
 D - a wand of paralysis (6)
Scrolls
 a - 3 scrolls of poison
 d - 4 scrolls of fog
 g - 4 scrolls of magic mapping
 h - 4 scrolls of teleportation
 n - 5 scrolls of immolation
 r - 3 scrolls of torment
 s - 5 scrolls of blinking
 v - 2 scrolls of fear
 w - 3 scrolls of vulnerability
 K - a scroll of silence
 L - 2 scrolls of amnesia
 N - a scroll of enchant weapon
 Q - 2 scrolls of identify
Potions
 b - 2 potions of magic
 c - a potion of haste {unknown}
 e - 4 potions of resistance
 f - a potion of invisibility
 i - a potion of cancellation
 j - a potion of berserk rage {unknown}
 m - 2 potions of mutation {unknown}
 o - 2 potions of flight {unknown}
 p - 4 potions of heal wounds {unknown}
 u - 5 potions of curing
 H - a potion of might {unknown}
 I - 2 potions of attraction {unknown}
 J - a potion of lignification {unknown}
 P - a potion of brilliance


   Skills:
 - Level 1.7 Dodging
 - Level 1.7 Stealth
 + Level 12.2 Spellcasting
 + Level 13.5 Conjurations


You had 27 spell levels left.
You knew the following spells:

 Your Spells              Type           Power      Damage    Failure   Level
a - Magic Dart            Conj           100%       1d8       0%          1
b - Searing Ray           Conj           100%       2d8       0%          2
c - Iskenderun's Mystic   Conj/Tloc      58%        2d12      1%          4

Your spell library contained the following spells:

 Spells                   Type           Power      Damage    Failure   Level
 Dazzling Flash           Conj/Hex       100%       N/A       1%          3
 Fulminant Prism          Conj/Hex       29%        3d14      1%          4
 Slow                     Hex            76%        N/A       2%          1
 Confusing Touch          Hex            19%        N/A       8%          3
 Vampiric Draining        Necr           19%        2d7       8%          3
 Summon Lightning Spire   Summ/Air       19%        N/A       24%         4
 Storm Form               Tmut/Air       9%         N/A       100%        7
 Maxwell's Capacitive Co  Air            9%         ∞         100%        8


Dungeon Overview and Level Annotations

Branches:
Dungeon (15/15)            Temple (0/1) D:6            Lair (0/5) D:9
    Orc (0/2) D:9          Depths (0/4) D:15
 Vaults: D:13-14

Shops:
D:9 [(


Innate Abilities, Weirdness & Mutations

You have an increased reservoir of magic. (+10% MP)
You shall have no god before yourself.
Your divine heritage dramatically boosts your attributes as you level up.


Message History

* * * LOW HITPOINT WARNING * * *
Unknown command.
Blink to where?
Press: ? - help, Dir - move target
As you read the scroll of blinking, it crumbles to dust.
You fly upwards.
The deep elf pyromancer shouts!
You hear a shout! x2
You hear a horrible gurgling sound!
Found a scroll of noise.
There is a stone staircase leading down here.
Okay, then.
As you read the scroll of teleportation, it crumbles to dust.
You feel strangely unstable.
Unknown command.
The deep elf pyromancer casts a spell.
A purple ugly thing comes into view.
The deep elf pyromancer casts a spell.
Your surroundings suddenly seem different. 2 centaur warriors come into view.
Found a large peridot ring.
The centaur warrior shouts! x2
The centaur warrior hits you.
* * * LOW HITPOINT WARNING * * *
The centaur warrior misses you.
Unknown command.
As you read the scroll of teleportation, it crumbles to dust.
You feel strangely unstable.
The centaur warrior wields a +0 shortbow.
The centaur warrior shoots an arrow.
The arrow completely misses you. The centaur warrior hits you.
* * * LOW HITPOINT WARNING * * *
The centaur warrior barely misses you. The centaur warrior hits you.
* * * LOW HITPOINT WARNING * * *
The centaur warrior completely misses you.
Unknown command.
It was a potion of curing.
You feel better.
The centaur warrior shoots an arrow.
The arrow hits you!
* * * LOW HITPOINT WARNING * * *
The centaur warrior hits you!
You die...

###+#######
...=......#
..........#
....c..c..+
.......@..#
###+#######


You could see 2 centaur warriors.

Vanquished Creatures
  Erica (D:8)
  A centaur warrior (D:14)
  A deep elf pyromancer (D:11)
  An ugly thing (D:11)
  A cyclops (D:11)
  A manticore (D:11)
  Psyche (D:9)
  An unseen horror (D:11)
  4 kobold demonologists (D:11)
  A komodo dragon (D:10)
  A tengu conjurer (D:14)
  6 trolls
  2 hornets
  3 meliai (D:15)
  8 slime creatures
  2 shadows
  2 wraiths
  A centaur simulacrum (D:15)
  2 wyverns
  15 yaks
  A vampire mosquito (D:10)
  A steam dragon (D:9)
  Menkaure (D:5)
  The ghost of Shavain the Conjurer, an amateur OpCj (D:3)
  3 water moccasins
  7 orc warriors
  3 black bears
  2 ice beasts
  3 boggarts (D:15)
  3 ogres
  3 centaurs
  2 phantoms
  6 kobold brigands
  3 bullfrogs
  A necrophage (D:3)
  2 scorpions
  14 wights
  5 killer bees
  3 howler monkeys (D:11)
  8 orc priests
  A jelly (D:6)
  3 bullfrog skeletons (D:3)
  2 gnoll boudas (D:6)
  4 hounds
  6 sleepcaps
  3 iguanas
  9 orc wizards
  21 gnolls
  12 adders
  A shadow imp (D:7)
  A white imp (D:6)
  2 ufetubi
  3 dart slugs
  37 orcs
  8 endoplasms
  6 giant cockroaches
  5 goblins (D:1)
  7 hobgoblins
  23 kobolds
  2 quokkas
  6 ball pythons
  5 bats
  3 frilled lizards (D:1)
  6 rats
303 creatures vanquished.

Vanquished Creatures (others)
  An acid dragon (D:11)
1 creature vanquished.

Grand Total: 304 creatures vanquished

Notes
Turn   | Place    | Note
-------+----------+-------------------------------------------
     0 | D:1      | McKennaii the Demigod Conjurer began the quest for the Orb.
     0 | D:1      | Reached XP level 1. HP: 14/14 MP: 5/5
   250 | D:1      | Reached XP level 2. HP: 20/20 MP: 2/7
   660 | D:1      | Reached skill level 4 in Conjurations
  1063 | D:2      | Learned a level 2 spell: Searing Ray
  1143 | D:2      | Reached XP level 3. HP: 17/26 MP: 4/9
  2394 | D:3      | Reached XP level 4. HP: 25/33 MP: 5/11
  2625 | D:3      | Found a transporter.
  2652 | D:3      | Found a transporter.
  2654 | D:3      | Noticed a necrophage
  2655 | D:3      | Noticed Shavain's ghost (amateur OpCj)
  2854 | D:3      | Noticed an ogre
  2860 | D:3      | Killed an ogre
  2861 | D:3      | Reached skill level 5 in Conjurations
  2861 | D:3      | Reached XP level 5. HP: 38/38 MP: 4/13
  3662 | D:4      | Reached XP level 6. HP: 30/45 MP: 10/15
  4605 | D:5      | Entered Level 5 of the Dungeon
  4698 | D:4      | Learned a level 4 spell: Iskenderun's Mystic Blast
  4704 | D:5      | Reached skill level 6 in Conjurations
  4917 | D:5      | Reached XP level 7. HP: 50/50 MP: 10/17
  4921 | D:5      | Reached skill level 5 in Spellcasting
  5345 | D:5      | Reached skill level 7 in Conjurations
  5464 | D:5      | Noticed Menkaure
  5473 | D:5      | HP: 1/49 [Menkaure (22)]
  5474 | D:5      | Killed Menkaure
  5668 | D:5      | Reached XP level 8. HP: 46/57 MP: 3/20
  6130 | D:3      | Killed Shavain's ghost
  6437 | D:6      | Reached skill level 8 in Conjurations
  6937 | D:6      | Found a staircase to the Ecumenical Temple.
  6962 | D:6      | Identified the staff of fire "Kohy" {+Blink rF+ Str+3 Dex+2
                  | Stlth-}
  7461 | D:6      | Reached XP level 9. HP: 62/62 MP: 13/24
  7798 | D:7      | Reached skill level 9 in Conjurations
  8918 | D:7      | Paralysed by a hornet for 1 turns
  9189 | D:7      | Reached skill level 10 in Conjurations
 10154 | D:8      | Noticed Erica
 10159 | D:8      | Killed Erica
 10160 | D:8      | Reached XP level 10. HP: 69/69 MP: 10/27
 10862 | D:9      | Reached skill level 11 in Conjurations
 11091 | D:9      | Found a staircase to the Lair.
 11178 | D:9      | Noticed Psyche
 11185 | D:9      | Killed Psyche
 11444 | D:9      | Found Waarghon's Armour Boutique.
 11457 | D:9      | Reached skill level 10 in Spellcasting
 11545 | D:9      | Found a staircase to the Orcish Mines.
 11547 | D:9      | Found Mah Esomp's Weapon Boutique.
 12164 | D:10     | Entered Level 10 of the Dungeon
 12625 | D:10     | Reached skill level 12 in Conjurations
 12853 | D:10     | Reached XP level 11. HP: 74/74 MP: 24/30
 14013 | D:11     | Noticed a sun demon
 14977 | D:11     | Noticed a deep elf pyromancer
 14990 | D:11     | Killed a deep elf pyromancer
 14991 | D:11     | Reached skill level 13 in Conjurations
 16261 | D:12     | You are sucked into a shaft and drop 3 floors!
 16261 | D:15     | Entered Level 15 of the Dungeon
 16286 | D:15     | Noticed a tengu warrior
 16286 | D:15     | Noticed a tengu warrior
 16289 | D:15     | Noticed an orc knight
 16290 | D:15     | Noticed a centaur warrior
 16393 | D:15     | Noticed a boulder beetle
 16703 | D:15     | Noticed a deep elf pyromancer
 16909 | D:14     | Noticed a centaur warrior
 16933 | D:14     | Noticed a centaur warrior
 16944 | D:14     | Killed a centaur warrior
 17119 | D:14     | Identified the scarf "Ydakaz" {repulsion, +Inv Will+ rCorr
                  | Int-5}
 17204 | D:14     | Identified the ring "Wiapn" {Int+3 Dex+6}
 17207 | D:14     | Noticed a seven-headed hydra
 17222 | D:14     | Noticed a tengu warrior
 17239 | D:14     | Noticed a centaur warrior
 17243 | D:13     | Noticed a deep elf pyromancer
 17248 | D:13     | Noticed a centaur warrior
 17248 | D:13     | Noticed a centaur warrior
 17250 | D:13     | HP: 1/74 [centaur warrior/arrow (15)]
 17250 | D:13     | Mangled by a centaur warrior

Illustrated notes

Levels and vault maps discovered:
D:1:      kennysheep_arrival_forest, layout_basic, ebering_ecumenical_altar_rust
D:2:      layout_loops_corners, kennysheep_path_1
D:3:      layout_basic, mainiacjoe_overflow_boulevard, gammafunk_ghost_mausoleum
D:4:      layout_basic
D:5:      layout_basic, worldfamousw_hep_ancestral_shrine,
          mainiacjoe_overflow_brackets, uniq_menkaure
D:6:      layout_rooms, fedhas_altar_3, minmay_temple_entry_junction,
          kennysheep_flooded_box, kennysheep_diamond, hellmonk_no_cap
D:7:      kennysheep_six_static_rooms, layout_loops_ring, old_standard_altar,
          mainiacjoe_overflow_big_doors
D:8:      layout_loops_ring, uniq_erica
D:9:      layout_loops_ring, lair_entry_dummy, orc_david_3,
          hangedman_abyss_or_decor_passed, uniq_psyche
D:10:     layout_basic, bloody_trog, minmay_starry_boxes
D:11:     layout_layer_cave, tso_oasis_becter
D:12:     layout_stronghold, grunt_tough_drop
D:13:     layout_roguey, david_vaults_2
D:14:     nicolae_cairo_tiling_large, layout_basic, grunt_decor_arrowhead
D:15:     grunt_enter_depths_magical_seal, layout_cross,
          hellmonk_bongcloud_opening

Skill      XL: |  1  2  3  4  5  6  7  8  9 10 11 |
---------------+----------------------------------+-----
Spellcasting   | 2 3 4 6 7 9 10 12 | 12.2
Conjurations   | 4 5 6 7 8 10 12 13 | 13.5
Dodging        | |  1.7
Stealth        | |  1.7

Action                     |  1- 3 |  4- 6 |  7- 9 | 10-12 || total
---------------------------+-------+-------+-------+-------++-------
  Melee: Unarmed           |    18 |     4 |       |       ||    22
         Dagger            |       |       |    11 |       ||    11
         Staff             |       |       |    23 |    37 ||    60
         Punch             |       |       |     2 |     2 ||     4
   Cast: Magic Dart        |    77 |   123 |   139 |    90 ||   429
         Searing Ray       |       |    10 |    73 |    81 ||   164
         Iskenderun's Myst |       |       |    18 |    81 ||    99
  Evoke: Wand              |       |       |       |     2 ||     2
    Use: Scroll            |       |       |     3 |    21 ||    24
         Potion            |       |       |       |     1 ||     1
 Armour: Robe              |     4 |     3 |    16 |     6 ||    29
         Steam dragon scal |       |       |       |    40 ||    40
  Dodge: Dodged            |    25 |    25 |   126 |   224 ||   400
